 Dungeon Crawl Stone Soup version 0.29.1-15-g9cfb28693d (webtiles) character file.

Game seed: 3925387046447363132

50626 zeram the Severer (level 14, -5/133 HPs)
             Began as a Hill Orc Fighter on Apr 7, 2023.
             Was a High Priest of Qazlal.
             Slain by a deep elf blademaster
             ... wielding a +0 rapier
              (16 damage)
             ... on level 2 of the Elven Halls.
             The game lasted 00:34:47 (16669 turns).

zeram the Severer (Hill Orc Fighter)               Turns: 16669, Time: 00:34:47

Health: -5/133     AC: 21    Str: 24    XL:     14   Next: 56%
Magic:  14/14      EV:  8    Int:  8    God:    Qazlal [*****.]
Gold:   435        SH: 19    Dex: 12    Spells: 13/13 levels left

rFire   + + .      SeeInvis .   f - +6 broad axe of the Big Bang {vamp, rElec Dex+2}
rCold   . . .      Faith    .   c - +1 buckler
rNeg    + . .      Spirit   .   b - +2 plate armour {Will+}
rPois   +          Reflect  +   (no helmet)
rElec   +          Harm     .   d - +0 cloak
rCorr   .          Rampage  .   (no gloves)
Will    ++...                   G - +1 pair of boots
Stlth   ..........              I - amulet "Pelogh" {Reflect Fly rPois SH+5}
HPRegen 0.32/turn               n - ring of positive energy
MPRegen 0.14/turn               p - ring of protection from fire

@: about to teleport, protected from fire, flying, repel missiles
A: passive freeze
a: Renounce Religion, Upheaval, Elemental Force, Disaster Area


You were on level 2 of the Elven Halls.
You worshipped Qazlal.
Qazlal was extremely pleased with you.
You visited 4 branches of the dungeon, and saw 17 of its levels.
You also visited: Bailey.

You collected 2026 gold pieces.
You spent 1591 gold pieces at shops.

Inventory:

Hand Weapons
 f - the +6 broad axe of the Big Bang (weapon) {vamp, rElec Dex+2}
   (You acquired it on level 4 of the Dungeon)

   It occasionally heals its wielder for a portion of the damage dealt when it
   wounds a living foe.
   Dex:       It affects your dexterity (+2).
   rElec:     It insulates you from electricity.
 y - a +0 shortbow of electrocution
 H - a +1 double sword of pain
Armour
 b - a +2 plate armour of willpower (worn)
 c - a +1 buckler (worn)
 d - a +0 cloak (worn)
 s - the -2 pair of boots "Acuigh" {rF+}
   (You bought it in a shop on level 3 of the Dungeon)

   rF:        It protects you from fire.
 F - a +0 plate armour
 G - a +1 pair of boots (worn)
Jewellery
 a - a ring of wizardry
 h - an amulet of regeneration
 k - a ring of magical power
 n - a ring of positive energy (left hand)
 p - a ring of protection from fire (right hand)
 E - a ring of positive energy
 I - the amulet "Pelogh" (around neck) {Reflect Fly rPois SH+5}
   (You bought it in a shop on level 3 of the Dungeon)

   [amulet of reflection]

   It reflects blocked missile attacks.
   rPois:     It protects you from poison.
   Fly:       It grants you flight.
   SH:        It affects your SH (+5).
 L - a ring of poison resistance
 M - an amulet of magic regeneration
Wands
 j - a wand of polymorph (12)
 o - a wand of acid (20)
 r - a wand of charming (7)
 t - a wand of iceblast (14)
 C - a wand of flame (21)
Scrolls
 i - a scroll of fear
 m - 4 scrolls of magic mapping
 O - a scroll of identify
Potions
 e - 6 potions of brilliance
 g - 5 potions of cancellation
 l - 2 potions of flight
 q - 7 potions of might
 u - 5 potions of curing
 v - 3 potions of ambrosia
 x - 2 potions of resistance
 z - 5 potions of invisibility
 B - 2 potions of magic
 D - a potion of degeneration {unknown}
 J - 2 potions of mutation {unknown}
 K - 5 potions of lignification {unknown}
 N - a potion of haste


   Skills:
 + Level 14.4 Fighting
 + Level 19.9 Axes
 + Level 12.8 Armour
 + Level 3.0 Dodging
 - Level 1.0 Stealth
 + Level 11.9 Shields
 + Level 1.1 Evocations


You had 13 spell levels left.
You didn't know any spells.
Your spell library contained the following spells:

 Spells                   Type           Power      Damage    Failure   Level
 Beastly Appendage        Tmut           0%         N/A       99%         1
 Freeze                   Ice            0%         1d3       99%         1
 Slow                     Hex            0%         N/A       99%         1
 Wereblood                Tmut           0%         N/A       100%        2
 Confusing Touch          Hex            0%         N/A       100%        3
 Frozen Ramparts          Ice            0%         1d1       100%        3
 Spider Form              Tmut/Pois      0%         N/A       100%        3
 Vampiric Draining        Necr           0%         2d6       100%        3
 Hailstorm                Conj/Ice       0%         3d3       100%        4
 Alistair's Intoxication  Tmut/Pois      0%         N/A       100%        5
 Borgnjor's Vile Clutch   Necr/Erth      0%         N/A       100%        5
 Eringya's Noxious Bog    Tmut/Pois      0%         N/A       100%        6


Dungeon Overview and Level Annotations

Branches:
Dungeon (12/15)            Temple (1/1) D:7            Lair (0/5) D:11
    Orc (2/2) D:10            Elf (1/3) Orc:2        Bailey (visited)

Altars:
Ashenzari
Cheibriados
Dithmenos
Elyvilon
Fedhas
Gozag
Hepliaklqana
Kikubaaqudgha
Makhleb
Nemelex Xobeh
Okawaru
Qazlal
Ru
Sif Muna
Trog
Uskayaw
Vehumet
Wu Jian
Xom
Yredelemnul
Zin
The Shining One

Shops:
D:3 =[   D:8 [   Orc:2 [*=(

Portals:
Trove: D:10 (give 9 potions of haste)

Annotations:
D:6 3 runed translucent doors, Seidenschwarz's ghost, novice MiFi
Elf:2 Saint Roka


Innate Abilities, Weirdness & Mutations

A frigid envelope surrounds you and freezes all who hurt you.


Message History

2 orc warriors come into view.
The deep elf knight shouts!
The orc warrior shouts!
You hear a howl!
You hear a shout!
As you read the scroll of teleportation, it crumbles to dust.
You feel strangely unstable.
You hear a shout! x2
You block the +3 scimitar of holy wrath's attack.
The +1 lajatang of flaming hits you.
You feel more protected from physical attacks.
Your resistance to physical damage fades away.
You feel protected from fire.
You block the +1 lajatang of flaming's attack.
You block the +3 scimitar of holy wrath's attack.
The deep elf zephyrmancer gestures wildly while chanting.
The deep elf zephyrmancer blinks!
The warg is engulfed in blazing flames.
The deep elf blademaster hits you with a +0 rapier!!
* * * LOW HITPOINT WARNING * * *
Your resistance to fire fades away.
You feel protected from physical attacks.
The deep elf blademaster is very cold.
The deep elf blademaster is lightly wounded.
You block the deep elf blademaster's attack.
The +1 lajatang of flaming hits you!
* * * LOW HITPOINT WARNING * * *
You feel more protected from physical attacks.
Your resistance to physical damage fades away.
You feel protected from fire. The +1 lajatang of flaming burns you.
* * * LOW HITPOINT WARNING * * *
The +1 lajatang of flaming completely resists.
You block the +3 scimitar of holy wrath's attack.
Unknown command.
You feel better.
The +3 scimitar of holy wrath hits you but does no damage.
You block the +1 lajatang of flaming's attack.
The deep elf blademaster hits you but does no damage.
The deep elf blademaster is very cold.
The deep elf blademaster is lightly wounded.
The deep elf blademaster hits you with a +0 rapier!
You die...

,,,,,,,,,,,,,,,...........#*,*
,,,..e......,,,...........#*,*
,,,..........,,...........#*+****
***.........#**......)...##*,,,,,
* *#.......#* *#........## *,,,,,
#.......# #.......## *<,,,,
##.......## ##.○○.....#* *,,,^,
###.........# #..(.......***,,,,,
#..........#* *#@(..(.....**<,,,,
..E.E......# #.e........#*,,,,,
°☼.○.((....## *#.○§e......#*,,,,,
..e..E☼.....# #..E§......##*,,,,*
.......○...## ##o○..(...#* *,,,,*
.........e.# #ho☼o...## *,,,,*
e........e.## *#..○.....#* *,,,,*
............###.°°o§.....***,,,,+
.......E....o...o........,**,,,,+


You could see a deep elf blademaster, a deep elf knight, a fire elemental
(summoned), a warg, 3 orc warriors, 4 dancing weapons and an orc.

Vanquished Creatures
  Rupert (Orc:2)
  An orc warlord (Orc:2)
  The ghost of roninjake the Fencer, a journeyman MiFi of Ru (Orc:2)
  A deep elf annihilator (Elf:1)
  A deep elf death mage (Elf:1)
  An ettin (Orc:1)
  A boulder beetle (D:11)
  2 centaur warriors (D:9)
  A catoblepas (D:9)
  6 two-headed ogres
  Urug (Orc:2)
  A dancing weapon (Elf:1)
  4 orc high priests
  6 deep elf knights
  A deep elf archer (Elf:1)
  9 deep elf zephyrmancers (Elf:1)
  6 orc knights
  8 deep elf pyromancers
  7 orc sorcerers
  3 ugly things
  A manticore (D:12)
  A cyclops (D:12)
  An elephant (D:11)
  A gargoyle (D:10)
  An unseen horror (D:10)
  Psyche (D:11)
  4 kobold demonologists
  Grinder (D:4)
  A hornet (D:9)
  3 trolls
  3 slime creatures (D:12)
  A wraith (D:9)
  2 air elementals (Elf:1)
  2 shadows
  4 wyverns
  A vampire (D:11)
  23 yaks
  An unseen horror simulacrum (D:9)
  Eustachio (D:6)
  2 basilisks (D:11)
  6 vampire mosquitoes (D:12)
  2 wargs (Orc:2)
  A steam dragon (D:8)
  3 acid dragons
  Duvessa (D:6)
  30 orc warriors
  2 ice beasts
  A sky beast (D:6)
  2 black bears
  7 ogres
  5 centaurs
  The ghost of gaming the Conjurer, an amateur DrCj (D:3)
  A phantom (D:7)
  7 kobold brigands
  2 bullfrogs
  A gnoll sergeant (D:9)
  2 scorpions
  18 wights
  Dowan (D:6)
  7 killer bees (D:9)
  7 howler monkeys
  13 orc priests
  2 jellies
  2 gnoll boudas
  Crazy Yiuf (D:4)
  4 hounds
  3 iguanas
  16 orc wizards
  20 gnolls
  8 adders
  2 shadow imps
  3 white imps
  2 ufetubi
  2 worms
  A dart slug (D:4)
  60 orcs
  6 ball pythons
  4 bats
  10 endoplasms
  3 giant cockroaches
  5 goblins
  7 hobgoblins
  6 quokkas
  3 frilled lizards
  34 kobolds
  4 rats
445 creatures vanquished.

Vanquished Creatures (others)
  A deep elf knight (Elf:1)
  An orc priest (D:9)
  A gnoll (Bailey)
  A kobold (D:3)
  7 fungi (Orc:2)
  6 plants (D:7)
17 creatures vanquished.

Grand Total: 462 creatures vanquished

Notes
Turn   | Place    | Note
-------+----------+-------------------------------------------
     0 | D:1      | zeram the Hill Orc Fighter began the quest for the Orb.
     0 | D:1      | Reached XP level 1. HP: 19/19 MP: 1/1
   202 | D:1      | Reached XP level 2. HP: 14/27 MP: 2/2
   353 | D:1      | Reached skill level 3 in Axes
   892 | D:1      | Found a faded altar of an unknown god.
  1040 | D:1      | Reached XP level 3. HP: 33/33 MP: 3/3
  1805 | D:2      | Reached XP level 4. HP: 40/40 MP: 4/4
  2587 | D:3      | Reached skill level 4 in Axes
  2652 | D:3      | Found Qonusoh's Antique Armour Boutique.
  2747 | D:3      | Found Uklexzugh's Jewellery Emporium.
  2874 | D:3      | Found a runed translucent gate.
  2874 | D:3      | Found a runed translucent gate.
  2874 | D:3      | Found a runed translucent gate.
  2874 | D:3      | Noticed gaming's ghost (amateur DrCj)
  2876 | D:3      | Noticed a kobold brigand
  3063 | D:3      | Killed a kobold brigand
  3064 | D:3      | Reached XP level 5. HP: 37/47 MP: 5/5
  3370 | D:3      | Killed gaming's ghost
  3371 | D:3      | Reached skill level 5 in Axes
  3371 | D:3      | Reached skill level 1 in Dodging
  3371 | D:3      | Reached XP level 6. HP: 33/53 MP: 6/6
  3495 | D:3      | Identified a scroll of acquirement
  3524 | D:4      | Acquired the +6 broad axe of the Big Bang {vamp, rElec
                  | Dex+2}
  3578 | D:4      | Noticed Grinder
  3842 | D:4      | Killed Grinder
  3843 | D:4      | Reached skill level 6 in Axes
  3843 | D:4      | Reached skill level 5 in Armour
  3843 | D:4      | Reached XP level 7. HP: 21/60 MP: 7/7
  4119 | D:4      | Identified the +11 short sword of Ashenzari's Generosity
                  | {speed, Contam rN+ SInv}
  4219 | D:4      | Found a broken altar of Ashenzari.
  4276 | D:4      | Reached skill level 5 in Fighting
  4276 | D:4      | Reached skill level 1 in Stealth
  4290 | D:4      | Reached skill level 7 in Axes
  4652 | D:4      | Reached XP level 8. HP: 56/68 MP: 8/8
  4850 | D:4      | Found a runed translucent door.
  4851 | D:4      | Noticed Crazy Yiuf
  4858 | D:4      | Killed Crazy Yiuf
  4904 | D:5      | Entered Level 5 of the Dungeon
  4911 | D:5      | Reached skill level 8 in Axes
  5274 | D:5      | Noticed a yak
  5282 | D:5      | Noticed a yak
  5283 | D:5      | Noticed a yak
  5288 | D:5      | Killed a yak
  5288 | D:5      | Killed a yak
  5289 | D:5      | Reached skill level 9 in Axes
  5292 | D:5      | Killed a yak
  5313 | D:5      | Found a hazy altar of Hepliaklqana.
  5319 | D:5      | Found a burning altar of Makhleb.
  5319 | D:5      | Found an ancient bone altar of Kikubaaqudgha.
  5321 | D:5      | Found an iron altar of Okawaru.
  5342 | D:5      | Found an ornate altar of the Wu Jian Council.
  5537 | D:6      | Noticed Eustachio
  5553 | D:6      | Killed Eustachio
  5554 | D:6      | Reached skill level 10 in Axes
  5554 | D:6      | Reached XP level 9. HP: 68/78 MP: 9/9
  5658 | D:6      | Reached skill level 5 in Shields
  5666 | D:6      | Noticed Duvessa
  5666 | D:6      | Noticed Dowan
  5674 | D:6      | Killed Duvessa
  5676 | D:6      | Killed Dowan
  5731 | D:6      | Noticed Seidenschwarz's ghost (novice MiFi)
  5732 | D:6      | Found a runed translucent gate.
  5783 | D:6      | Found a sacrificial altar of Ru.
  5784 | D:6      | Found a runed translucent gate.
  5799 | D:6      | Reached skill level 11 in Axes
  5866 | D:6      | Found a runed translucent gate.
  6444 | D:7      | Found a flagged portal.
  6453 | Bailey   | Entered a bailey
  6601 | Bailey   | Noticed an orc knight
  6634 | Bailey   | Killed an orc knight
  6635 | Bailey   | Reached skill level 12 in Axes
  6635 | Bailey   | Reached XP level 10. HP: 30/86 MP: 10/10
  7045 | D:7      | Reached skill level 1 in Evocations
  7152 | D:7      | Found a staircase to the Ecumenical Temple.
  7157 | Temple   | Entered the Ecumenical Temple
  7244 | Temple   | Became a worshipper of Qazlal Stormbringer
  7423 | D:7      | Identified the +3 rapier of Painted Prudence {drain, rF+}
  7968 | D:8      | Noticed a two-headed ogre
  7979 | D:8      | Killed a two-headed ogre
  7980 | D:8      | Reached skill level 13 in Axes
  8053 | D:8      | Found Cehiv's Armour Shoppe.
  8325 | D:8      | Reached * piety under Qazlal
  8922 | D:9      | Noticed a kobold demonologist
  8922 | D:9      | Noticed a kobold demonologist
  8928 | D:9      | Noticed a sun demon
  8939 | D:8      | Killed a kobold demonologist
  8961 | D:9      | Noticed a smoke demon
  8964 | D:9      | Noticed a rust devil
  8965 | D:9      | Noticed a smoke demon
  8970 | D:8      | Killed a kobold demonologist
  9051 | D:9      | Reached skill level 14 in Axes
  9138 | D:9      | Reached XP level 11. HP: 82/95 MP: 11/11
  9146 | D:9      | Noticed a centaur warrior
  9159 | D:9      | Killed a centaur warrior
  9200 | D:9      | Noticed a centaur warrior
  9219 | D:9      | Killed a centaur warrior
  9220 | D:9      | Reached skill level 15 in Axes
  9257 | D:9      | Noticed a catoblepas
  9259 | D:9      | Noticed a two-headed ogre
  9263 | D:9      | Killed a catoblepas
  9265 | D:9      | Killed a two-headed ogre
  9329 | D:9      | Noticed a two-headed ogre
  9336 | D:9      | Killed a two-headed ogre
  9446 | D:9      | Reached skill level 16 in Axes
  9450 | D:9      | Reached ** piety under Qazlal
  9484 | D:9      | Reached skill level 10 in Fighting
  9559 | D:9      | Noticed a two-headed ogre
  9568 | D:9      | Killed a two-headed ogre
  9569 | D:9      | Reached skill level 10 in Armour
  9627 | D:9      | Reached XP level 12. HP: 106/106 MP: 12/12
 10176 | D:10     | Entered Level 10 of the Dungeon
 10179 | D:10     | Found a staircase to the Orcish Mines.
 10190 | D:10     | Noticed a two-headed ogre
 10199 | D:10     | Killed a two-headed ogre
 10287 | D:10     | Reached *** piety under Qazlal
 10334 | D:10     | Noticed a two-headed ogre
 10344 | D:10     | Killed a two-headed ogre
 10345 | D:10     | Reached skill level 17 in Axes
 10391 | D:10     | Found a portal to a secret trove of treasure.
 10625 | D:10     | Found an opulent altar of Gozag.
 10889 | D:11     | Noticed a boulder beetle
 10908 | D:11     | Killed a boulder beetle
 11264 | D:11     | Found a staircase to the Lair.
 11283 | D:11     | Noticed Psyche
 11293 | D:11     | Killed Psyche
 11434 | D:11     | Identified the +3 barding of Qummuib {+Blink Will+ Str+4}
 11991 | D:12     | Reached skill level 18 in Axes
 12128 | D:12     | Reached XP level 13. HP: 117/117 MP: 13/13
 12335 | D:3      | Bought the amulet "Pelogh" {Reflect Fly rPois SH+5} for 562
                  | gold pieces
 12494 | Orc:1    | Entered Level 1 of the Orcish Mines
 12511 | Orc:1    | Reached **** piety under Qazlal
 12515 | Orc:1    | Gained mutation: A frigid envelope surrounds you and
                  | freezes all who hurt you. [a neqoxec]
 12792 | Orc:1    | Found a bloodstained altar of Trog.
 12930 | Orc:2    | Entered Level 2 of the Orcish Mines
 12970 | Orc:2    | Noticed an ettin
 12973 | Orc:2    | Noticed an orc warlord
 12991 | Orc:1    | Killed an ettin
 14330 | Orc:2    | Noticed Rupert
 14483 | Orc:1    | Reached skill level 10 in Shields
 14777 | D:3      | Bought a runed plate armour for 754 gold pieces
 14777 | D:3      | Bought a pair of faintly glowing boots for 275 gold pieces
 14777 | D:3      | Identified the -2 pair of boots "Acuigh" {rF+} (You bought
                  | it in a shop on level 3 of the Dungeon)
 14976 | Orc:2    | Killed an orc warlord
 14984 | Orc:2    | Reached skill level 19 in Axes
 15101 | Orc:2    | Found Eqer's General Store.
 15132 | Orc:2    | Found a staircase to the Elven Halls.
 15143 | Orc:2    | Noticed Urug
 15153 | Orc:2    | Killed Urug
 15156 | Orc:2    | Found Fiuwocier's Jewellery Shoppe.
 15392 | Orc:2    | Found a runed translucent door.
 15401 | Orc:2    | Killed Rupert
 15421 | Orc:2    | Reached ***** piety under Qazlal
 15428 | Orc:2    | Noticed roninjake's ghost (journeyman MiFi)
 15481 | Orc:2    | Found Foax's Antique Armour Shop.
 15672 | Orc:2    | Found Onituukk's Antique Weapon Shoppe.
 15872 | Orc:2    | Killed roninjake's ghost
 15873 | Orc:2    | Reached XP level 14. HP: 119/129 MP: 14/14
 15929 | Elf:1    | Entered Level 1 of the Elven Halls
 15934 | Elf:1    | Paralysed by an air elemental for 1 turns
 16286 | Elf:1    | Noticed a deep elf annihilator
 16294 | Elf:1    | Killed a deep elf annihilator
 16561 | Elf:1    | Found a shimmering blue altar of Sif Muna.
 16637 | Elf:1    | You are sucked into a shaft and drop 1 floor!
 16645 | Elf:2    | Noticed a deep elf blademaster
 16656 | Elf:2    | Noticed Saint Roka
 16668 | Elf:2    | HP: 6/133 [+1 lajatang of flaming (3)]
 16669 | Elf:2    | Slain by a deep elf blademaster

Illustrated notes

Levels and vault maps discovered:
D:1:      giann_horns, layout_loops_corners,
          hellmonk_ecumenical_altar_leap_of_faith
D:2:      layout_loops_ring, kennysheep_generic_room_8
D:3:      minmay_angry_zag, layout_loops_ring, gammafunk_ghost_nasty_kobolds,
          serial_shops, nicolae_square_shop, shop_fountains
D:4:      layout_loops_corners, evilmike_ruin_ashenzari, minivault_19,
          uniq_grinder, uniq_crazy_yiuf_cottage
D:5:      layout_rooms, overflow_temple_1_default, mainiacjoe_overflow_alcove_3
D:6:      layout_gridville, nicolae_ru_awakened_eye, gammafunk_ghost_split,
          uniq_duvessa, uniq_eustachio
D:7:      layout_basic, minmay_temple_entry_gardened_gates, enter_bailey_8
D:8:      layout_basic, serial_shops, nicolae_shop_crystal, serial_rivers,
          chequers_serial_rivers_marsh, chequers_serial_rivers_micro_e,
          chequers_serial_rivers_large_a, chequers_serial_rivers_micro_a,
          chequers_serial_rivers_small_3, mrwooster_statue_mirror
D:9:      cheibrodos_ideogram_h, layout_loops_corners, minmay_circle_x
D:10:     layout_rooms, grunt_gozag_statues, david_orc_3, serial_curves,
          eino_curves_01, eino_curves_01, enter_trove_6
D:11:     layout_stronghold, david_lair_generic, kennysheep_generic_room_3,
          uniq_psyche
D:12:     layout_irregular_city, kiku_gazebo_garden_becter
Temple:   compressed_dpeg_circular_temple
Orc:1:    layout_caves, basic_altar
Orc:2:    grunt_orc_gardens, layout_diamond_mine, grunt_orc_garden,
          grunt_orc_garden, grunt_orc_garden, grunt_orc_garden,
          hellmonk_ghost_happy_afterlife, uniq_urug, uniq_rupert
Elf:1:    eino_elf_arrival_shootout, layout_geoelf_octagon, basic_altar,
          minmay_elf_annihilation
Elf:2:    nicolae_elf_blades_crystal_corner, layout_gridlike, serial_shops,
          shop_statue, grunt_ministairs_9, uniq_saint_roka

Skill      XL: |  1  2  3  4  5  6  7  8  9 10 11 12 13 14 |
---------------+-------------------------------------------+-----
Axes           | 3 4 5 6 7 10 12 14 16 18 19 | 19.9
Fighting       | 4 5 6 7 8 10 11 13 14 | 14.4
Armour         | 4 5 6 7 9 10 11 12 | 12.8
Dodging        | 1 2 3 |  3.0
Shields        | 4 6 8 9 10 11 | 11.9
Stealth        | 1 |  1.0
Evocations     | 1 |  1.1

Action                   |  1- 3 |  4- 6 |  7- 9 | 10-12 | 13-15 || total
-------------------------+-------+-------+-------+-------+-------++-------
Melee: War axe           |    98 |    92 |       |       |       ||   190
       Broad axe         |       |    20 |   188 |   513 |   372 ||  1093
Evoke: Wand              |       |       |     7 |       |       ||     7
  Use: Scroll            |     5 |     9 |     6 |     8 |     9 ||    37
       Potion            |       |     4 |     3 |     1 |     5 ||    13
 Stab: Invisible         |       |       |       |     3 |       ||     3
Armor: Scale mail        |    57 |    45 |    66 |    10 |       ||   178
       Plate armour      |       |       |       |   214 |    98 ||   312
Dodge: Dodged            |    47 |    59 |    74 |   131 |    66 ||   377
       Repelled          |       |       |       |       |     3 ||     3
Block: Buckler           |    19 |    24 |    59 |   206 |   245 ||   553
       Reflection        |       |       |       |       |    21 ||    21
